Washington Capitals vs Quebec Nordiques
Created - Wednesday, August 20, 2025 at 07:06
Goals
|
| Washington Capitals |
2 |
2 |
2 |
6 |
| Quebec Nordiques |
0 |
1 |
0 |
1 |
|
Shots
|
| Washington Capitals |
11 |
12 |
11 |
34 |
| Quebec Nordiques |
8 |
12 |
10 |
30 |
|
1st period
1. Washington Capitals , Jason Robertson 5 (Alex Ovechkin 6, Sidney Crosby 2) at 9:28 (PP)
2. Washington Capitals , Owen Tippett 6 (Nick Foligno 4, Stefan Noesen 7) at 18:20
Penalties :
John Carlson (WSH) for Tripping (Minor) at 2:23, Nikita Zadorov (QUE) for Holding (Minor) at 5:43, Nikolaj Ehlers (QUE) for Tripping (Minor) at 9:01, Nikita Zadorov (QUE) for Holding (Minor) at 16:11
2nd period
3. Washington Capitals , Owen Tippett 7 (Stefan Noesen 8, Jamie Oleksiak 7) at 0:28
4. Washington Capitals , Fabian Zetterlund 2 (Sean Kuraly 1, Thomas Harley 2) at 10:37
5. Quebec Nordiques , Alex DeBrincat 8 (Connor McDavid 11, Rickard Rakell 4) at 18:10 (PP)
Penalties :
Jamie Oleksiak (WSH) for Hooking (Minor) at 0:50, Ian Cole (WSH) for Tripping (Minor) at 13:34, Ian Cole (WSH) for Cross-checking (Minor) at 17:58
3rd period
6. Washington Capitals , Nico Hischier 2 (John Carlson 8) at 0:35
7. Washington Capitals , Owen Tippett 8 (Stefan Noesen 9, John Carlson 9) at 13:29
Penalties :
Stefan Noesen (WSH) for Holding (Minor) at 1:27, Nikita Zadorov (QUE) for Fighting (Major) at 7:02, Jamie Oleksiak (WSH) for Fighting (Major) at 7:02, Alex Vlasic (QUE) for Fighting (Major) at 15:12, Simon Edvinsson (WSH) for Fighting (Major) at 15:12, Jordan Kyrou (WSH) for Hooking (Minor) at 16:17, Nick Foligno (WSH) for Hooking (Minor) at 19:19
Goalie Stats
Jake Oettinger (WSH), 29 saves from 30 shots - (0.967), W, 3-7-1, 60:00 minutes
Joseph Woll (QUE), 28 saves from 34 shots - (0.824), L, 8-2-0, 60:00 minutes
Players Stats for Washington Capitals
Player Name G A P +/- PIM S H SB GA TA FO MP PP MP PK MP
------------------------------------------------------------------------------------
Alex Ovechkin 0 1 1 0 0 1 0 0 0 0 0/0 15:26 2:14 0:00
Drake Batherson 0 0 0 1 0 3 2 1 0 0 0/0 16:46 2:11 1:14
Evan Rodrigues 0 0 0 1 0 2 1 0 0 0 0/0 7:39 0:00 0:00
Fabian Zetterlund 1 0 1 1 0 2 1 0 2 0 0/1 12:53 0:00 5:13
Ian Cole 0 0 0 2 4 0 1 0 0 0 0/0 16:41 0:00 3:53
Jamie Oleksiak 0 1 1 1 7 1 2 0 0 0 0/0 18:55 0:00 4:05
Jason Robertson 1 0 1 0 0 4 1 1 0 0 0/1 15:52 2:14 0:22
John Carlson 0 2 2 1 2 0 0 4 0 0 0/0 24:52 2:17 5:27
Jordan Kyrou 0 0 0 1 2 2 1 0 0 0 0/1 15:29 2:11 0:00
Nick Foligno 0 1 1 3 2 0 3 0 0 1 7/15 15:24 0:00 4:51
Nick Jensen 0 0 0 2 0 1 2 0 0 1 0/0 21:04 2:08 3:30
Nico Hischier 1 0 1 1 0 4 2 0 0 0 16/25 15:55 2:11 0:25
Owen Tippett 3 0 3 3 0 8 1 0 0 1 0/0 10:33 0:00 0:00
Sean Kuraly 0 1 1 1 0 2 0 0 0 0 5/10 13:04 0:00 5:24
Sidney Crosby 0 1 1 0 0 2 0 0 2 0 9/17 15:26 2:14 0:00
Simon Edvinsson 0 0 0 1 5 1 0 2 0 0 0/0 19:55 2:17 4:39
Stefan Noesen 0 3 3 3 2 0 1 0 0 1 0/0 14:39 0:00 4:05
Thomas Harley 0 1 1 3 0 1 2 2 0 1 0/0 18:31 2:08 0:00
Players Stats for Quebec Nordiques
Player Name G A P +/- PIM S H SB GA TA FO MP PP MP PK MP
------------------------------------------------------------------------------------
Alex DeBrincat 1 0 1 -2 0 2 1 0 0 0 1/1 19:29 5:43 0:12
Alex Vlasic 0 0 0 -4 5 0 3 0 0 1 0/0 24:43 5:11 1:56
Alexandre Carrier 0 0 0 -1 0 1 1 2 0 0 0/0 18:19 3:42 2:29
Brock Faber 0 0 0 0 0 3 1 0 0 1 0/0 23:16 7:05 0:34
Connor Brown 0 0 0 -1 0 1 1 1 0 0 1/1 8:41 0:00 2:01
Connor McDavid 0 1 1 -2 0 5 2 0 2 0 12/27 19:27 5:53 0:00
Frederick Gaudreau 0 0 0 0 0 0 0 0 0 1 0/0 8:43 0:00 2:12
Jake Middleton 0 0 0 -1 0 1 2 1 0 0 0/0 17:50 1:36 1:38
Marco Rossi 0 0 0 -1 0 0 0 0 1 0 6/18 18:28 4:50 0:00
Matt Duchene 0 0 0 -1 0 4 1 0 1 0 0/1 18:28 4:50 0:00
Matthew Knies 0 0 0 -1 0 5 0 0 0 0 1/2 18:40 4:50 0:12
Michael Anderson 0 0 0 -1 0 1 1 1 0 1 0/0 19:05 4:00 1:56
Michael McCarron 0 0 0 -1 0 0 1 0 0 0 2/6 8:45 0:04 2:01
Nikita Zadorov 0 0 0 -4 9 0 2 1 0 0 0/0 16:54 0:00 0:17
Nikolaj Ehlers 0 0 0 -1 2 0 2 1 1 0 0/0 11:08 0:14 0:00
Rickard Rakell 0 1 1 -2 0 3 2 2 0 0 1/2 19:17 5:43 0:00
Shane Pinto 0 0 0 -1 0 2 1 0 0 0 9/12 13:08 0:00 2:12
Will Smith 0 0 0 -1 0 2 0 0 0 0 0/0 11:09 0:14 0:00
3 Stars
1 - Owen Tippett (WSH)
2 - Jake Oettinger (WSH)
3 - Stefan Noesen (WSH)
Power Play
Washington Capitals - 1 on 3 Attempt(s) - 33.33%
Quebec Nordiques - 1 on 7 Attempt(s) - 14.29%
Penalty Kill
Washington Capitals - 6 on 7 Attempt(s) - 85.71%
- Score 0 goal in Penalty Kill
Quebec Nordiques - 2 on 3 Attempt(s) - 66.67%
- Score 0 goal in Penalty Kill
Team Stat
Washington Capitals - Hits : 20 - Faceoff Wins : 37 - Blocked Shots : 10 - Penalty Minutes : 24
Quebec Nordiques - Hits : 21 - Faceoff Wins : 33 - Blocked Shots : 9 - Penalty Minutes : 16
Official
Referees : Cody Beach and Dan O'Rourke
Linesman : Jesse Marquis and Shandor Alphonso
Game Notes
Nikita Zadorov beats up Jamie Oleksiak at 7:02 of 3rd period
Owen Tippett has scored a Hat Trick!
Alex Vlasic and Simon Edvinsson fight to a draw at 15:12 of 3rd period
Finance
Level 1 -- Attendance: 6000 (100.00%) -- Ticket Income $540,000
Level 2 -- Attendance: 4477 (89.54%) -- Ticket Income $223,850
Level 3 -- Attendance: 2762 (92.07%) -- Ticket Income $82,860
Level 4 -- Attendance: 4904 (98.08%) -- Ticket Income $98,080
Luxury Box -- Attendance: 823 (82.30%) -- Ticket Income $164,600
Game was played at the Centre Videotron.
Total Attendance: 18966 (94.83%)
Total Ticket Income: $1,109,390
Other Income: $388,286
Total Income: $1,497,676
Washington Capitals
5 vs 5 Forward
Center Left Wing Right Wing Time % Phy DF OF
1 Nico Hischier Drake Batherson Jordan Kyrou 30 1 2 2
2 Sidney Crosby Alex Ovechkin Jason Robertson 30 1 2 2
3 Nick Foligno Owen Tippett Stefan Noesen 25 1 2 2
4 Sean Kuraly Evan Rodrigues Fabian Zetterlund 15 1 2 2
5 vs 5 Defense
Defense Defense Time % Phy DF OF
1 John Carlson Jamie Oleksiak 30 1 2 2
2 Thomas Harley Ian Cole 30 1 2 2
3 Nick Jensen Simon Edvinsson 25 1 2 2
4 John Carlson Jamie Oleksiak 15 1 2 2
PowerPlay Forward
Center Left Wing Right Wing Time % Phy DF OF
1 Sidney Crosby Alex Ovechkin Jason Robertson 50 1 2 2
2 Nico Hischier Drake Batherson Jordan Kyrou 50 1 2 2
PowerPlay Defense
Defense Defense Time % Phy DF OF
1 John Carlson Simon Edvinsson 50 1 2 2
2 Thomas Harley Nick Jensen 50 1 2 2
Penalty Kill 4 Players Forward
Center Wing Time % Phy DF OF
1 Nick Foligno Stefan Noesen 50 1 2 2
2 Sean Kuraly Fabian Zetterlund 50 1 2 2
Penalty Kill 4 Players Defense
Defense Defense Time % Phy DF OF
1 Ian Cole Jamie Oleksiak 50 1 2 2
2 John Carlson Simon Edvinsson 50 1 2 2
Penalty Kill - 3 Players Forward
Forward Time % Phy DF OF
1 Nick Foligno 50 1 2 2
2 Sean Kuraly 50 1 2 2
Penalty Kill - 3 Players Defense
Defense Defense Time % Phy DF OF
1 Ian Cole Jamie Oleksiak 50 1 2 2
2 John Carlson Simon Edvinsson 50 1 2 2
4 vs 4 Forward
Center Wing Time % Phy DF OF
1 Sidney Crosby Alex Ovechkin 50 1 2 2
2 Nico Hischier Jason Robertson 50 1 2 2
4 vs 4 Defense
Defense Defense Time % Phy DF OF
1 John Carlson Simon Edvinsson 50 1 2 2
2 Thomas Harley Nick Jensen 50 1 2 2
Last Minutes Offensive
Center Left Wing Right Wing Defense Defense
Sidney Crosby Alex Ovechkin Jason Robertson John Carlson Thomas Harley
Last Minutes Defensive
Center Left Wing Right Wing Defense Defense
Nico Hischier Sean Kuraly Nick Foligno Ian Cole Jamie Oleksiak
Goaltenders
Starting : Jake Oettinger
Backup : Calvin Pickard
Extra Forwards
Normal : Jordan Kyrou, Owen Tippett, Fabian Zetterlund - PP : Drake Batherson, Owen Tippett - PK : Drake Batherson
Extra Defensemen
Normal : Thomas Harley, Simon Edvinsson, Nick Jensen - PP : Ian Cole - PK : Simon Edvinsson, Nick Jensen
Penalty Shots
Jason Robertson, Fabian Zetterlund, Sidney Crosby, Owen Tippett, Alex Ovechkin
Scratches
None
Quebec Nordiques
5 vs 5 Forward
Center Left Wing Right Wing Time % Phy DF OF
1 Connor McDavid Alex DeBrincat Rickard Rakell 30 1 1 3
2 Marco Rossi Matthew Knies Matt Duchene 30 1 1 3
3 Shane Pinto Will Smith Nikolaj Ehlers 25 1 1 3
4 Michael McCarron Frederick Gaudreau Connor Brown 15 1 3 1
5 vs 5 Defense
Defense Defense Time % Phy DF OF
1 Alex Vlasic Nikita Zadorov 30 1 2 2
2 Brock Faber Michael Anderson 30 1 2 2
3 Jake Middleton Alexandre Carrier 25 1 2 2
4 Alex Vlasic Nikita Zadorov 15 1 2 2
PowerPlay Forward
Center Left Wing Right Wing Time % Phy DF OF
1 Connor McDavid Alex DeBrincat Rickard Rakell 60 1 0 4
2 Marco Rossi Matthew Knies Matt Duchene 40 1 0 4
PowerPlay Defense
Defense Defense Time % Phy DF OF
1 Brock Faber Alex Vlasic 60 1 2 2
2 Alexandre Carrier Michael Anderson 40 1 2 2
Penalty Kill 4 Players Forward
Center Wing Time % Phy DF OF
1 Shane Pinto Frederick Gaudreau 50 2 3 0
2 Michael McCarron Connor Brown 50 2 3 0
Penalty Kill 4 Players Defense
Defense Defense Time % Phy DF OF
1 Alex Vlasic Michael Anderson 50 2 3 0
2 Alexandre Carrier Nikita Zadorov 50 2 3 0
Penalty Kill - 3 Players Forward
Forward Time % Phy DF OF
1 Shane Pinto 50 1 2 2
2 Michael McCarron 50 1 2 2
Penalty Kill - 3 Players Defense
Defense Defense Time % Phy DF OF
1 Alex Vlasic Michael Anderson 50 1 2 2
2 Alexandre Carrier Nikita Zadorov 50 1 2 2
4 vs 4 Forward
Center Wing Time % Phy DF OF
1 Connor McDavid Matt Duchene 50 1 1 3
2 Marco Rossi Alex DeBrincat 50 1 1 3
4 vs 4 Defense
Defense Defense Time % Phy DF OF
1 Alex Vlasic Nikita Zadorov 50 1 2 2
2 Brock Faber Michael Anderson 50 1 2 2
Last Minutes Offensive
Center Left Wing Right Wing Defense Defense
Connor McDavid Matt Duchene Alex DeBrincat Alex Vlasic Brock Faber
Last Minutes Defensive
Center Left Wing Right Wing Defense Defense
Shane Pinto Frederick Gaudreau Michael McCarron Alex Vlasic Michael Anderson
Goaltenders
Starting : Joseph Woll
Backup : Lukas Dostal
Extra Forwards
Normal : Nikolaj Ehlers, Shane Pinto, Will Smith - PP : Nikolaj Ehlers, Will Smith - PK : Matthew Knies
Extra Defensemen
Normal : Brock Faber, Jake Middleton, Nikita Zadorov - PP : Jake Middleton - PK : Jake Middleton, Brock Faber
Penalty Shots
Alex DeBrincat, Connor McDavid, Matt Duchene, Frederick Gaudreau, Rickard Rakell
Scratches
Collin Graf (Healthy)
% Time on Ice - Washington Capitals
Lines # - Real PCT - Wanted PCT - Time Play
Normal Forward
1 - 30% - 30% - 13:26
2 - 29% - 30% - 13:10
3 - 24% - 25% - 10:33
4 - 17% - 15% - 7:39
Normal Defense
1 - 29% - 30% - 13:12
2 - 32% - 30% - 14:07
3 - 27% - 25% - 12:05
4 - 12% - 15% - 5:24
PP Forward
1 - 51% - 50% - 2:14
2 - 49% - 50% - 2:11
PP Defense
1 - 52% - 50% - 2:17
2 - 48% - 50% - 2:08
PK Forward
1 - 52% - 50% - 5:34
2 - 48% - 50% - 5:13
PK Defense
1 - 49% - 50% - 5:20
2 - 51% - 50% - 5:27
PK3 Forward
1 - 0% - 50%
2 - 0% - 50%
PK3 Defense
1 - 0% - 50%
2 - 0% - 50%
44 Forward
1 - 0% - 50%
2 - 0% - 50%
44 Defense
1 - 0% - 50%
2 - 0% - 50%
Last Minute Offensive - 0:00
Last Minute Defensive - 0:00
Total
Forward - 60:00
Defense - 60:00
|
% Time on Ice - Quebec Nordiques
Lines # - Real PCT - Wanted PCT - Time Play
Normal Forward
1 - 30% - 30% - 13:35
2 - 31% - 30% - 13:48
3 - 24% - 25% - 10:55
4 - 15% - 15% - 6:30
Normal Defense
1 - 31% - 30% - 13:51
2 - 30% - 30% - 13:31
3 - 27% - 25% - 11:53
4 - 12% - 15% - 5:33
PP Forward
1 - 55% - 60% - 5:57
2 - 45% - 40% - 4:50
PP Defense
1 - 68% - 60% - 7:18
2 - 32% - 40% - 3:29
PK Forward
1 - 50% - 50% - 2:12
2 - 50% - 50% - 2:13
PK Defense
1 - 44% - 50% - 1:56
2 - 56% - 50% - 2:29
PK3 Forward
1 - 0% - 50%
2 - 0% - 50%
PK3 Defense
1 - 0% - 50%
2 - 0% - 50%
44 Forward
1 - 0% - 50%
2 - 0% - 50%
44 Defense
1 - 0% - 50%
2 - 0% - 50%
Last Minute Offensive - 0:00
Last Minute Defensive - 0:00
Total
Forward - 60:00
Defense - 60:00
|
Play-by-Play
1st period
0:01 of 1st period - Connor McDavid wins face-off versus Nico Hischier in neutral zone.
0:13 of 1st period - Off-side.
0:14 of 1st period - Sidney Crosby wins face-off versus Marco Rossi in neutral zone.
0:16 of 1st period - Off-side.
0:17 of 1st period - Sidney Crosby wins face-off versus Marco Rossi in neutral zone.
0:28 of 1st period - Wrist shot by Matt Duchene.
0:28 of 1st period - Stopped by Jake Oettinger with a rebound.
0:30 of 1st period - Snap shot by Matt Duchene.
0:30 of 1st period - Stopped by Jake Oettinger with a rebound.
0:34 of 1st period - Wrist shot by Matt Duchene.
0:34 of 1st period - Stopped by Jake Oettinger with a rebound.
1:54 of 1st period - Snap shot by Stefan Noesen.
1:54 of 1st period - Deflect By Owen Tippett.
1:54 of 1st period - Stopped by Joseph Woll with a rebound.
1:56 of 1st period - Slapshot by Jamie Oleksiak.
1:56 of 1st period - Stopped by Joseph Woll without a rebound.
1:57 of 1st period - Marco Rossi wins face-off versus Nick Foligno in Quebec Nordiques zone.
2:08 of 1st period - Snap shot by Marco Rossi.
2:08 of 1st period - Shot Blocked by John Carlson.
2:10 of 1st period - Snap shot by Alex Vlasic.
2:10 of 1st period - Deflect By Matthew Knies.
2:10 of 1st period - Stopped by Jake Oettinger without a rebound.
2:11 of 1st period - Shane Pinto wins face-off versus Sidney Crosby in Washington Capitals zone.
2:23 of 1st period - Minor Penalty to John Carlson for Tripping.
2:24 of 1st period - Connor McDavid wins face-off versus Nick Foligno in Washington Capitals zone.
2:26 of 1st period - Snap shot by Alex DeBrincat.
2:26 of 1st period - Stopped by Jake Oettinger without a rebound.
2:27 of 1st period - Connor McDavid wins face-off versus Nick Foligno in Washington Capitals zone.
3:20 of 1st period - Michael Anderson is hit by Nick Foligno.
3:29 of 1st period - Icing by Michael Anderson.
3:30 of 1st period - Sean Kuraly wins face-off versus Connor McDavid in Quebec Nordiques zone.
4:23 of 1st period - Penalty to John Carlson is over, John Carlson is back on ice.
5:43 of 1st period - Minor Penalty to Nikita Zadorov for Holding.
5:44 of 1st period - Shane Pinto wins face-off versus Sidney Crosby in Quebec Nordiques zone.
5:44 of 1st period - Shane Pinto is hit by Jason Robertson.
5:52 of 1st period - Snap shot by Jason Robertson.
5:52 of 1st period - Shot Misses the Net.
5:54 of 1st period - Snap shot by Sidney Crosby.
5:54 of 1st period - Shot Misses the Net.
5:56 of 1st period - Snap shot by Jason Robertson.
5:56 of 1st period - Stopped by Joseph Woll with a rebound.
5:58 of 1st period - Wrist shot by Simon Edvinsson.
5:58 of 1st period - Stopped by Joseph Woll without a rebound.
5:59 of 1st period - Nico Hischier wins face-off versus Michael McCarron in Quebec Nordiques zone.
6:14 of 1st period - Frederick Gaudreau is hit by Jordan Kyrou and loses puck.
7:43 of 1st period - Penalty to Nikita Zadorov is over, Nikita Zadorov is back on ice.
8:24 of 1st period - Icing by Evan Rodrigues.
8:25 of 1st period - Sean Kuraly wins face-off versus Marco Rossi in Washington Capitals zone.
8:56 of 1st period - Wrist shot by Nico Hischier.
8:56 of 1st period - Stopped by Joseph Woll without a rebound.
8:57 of 1st period - Sidney Crosby wins face-off versus Shane Pinto in Quebec Nordiques zone.
8:58 of 1st period - Snap shot by Alex Ovechkin.
8:58 of 1st period - Deflect By Sidney Crosby.
8:58 of 1st period - Shot Misses the Net.
8:58 of 1st period - Puck is out of play.
8:59 of 1st period - Shane Pinto wins face-off versus Sidney Crosby in Quebec Nordiques zone.
9:01 of 1st period - Minor Penalty to Nikolaj Ehlers for Tripping.
9:02 of 1st period - Nico Hischier wins face-off versus Michael McCarron in Quebec Nordiques zone.
9:02 of 1st period - Slapshot by Drake Batherson.
9:02 of 1st period - Shot Blocked by Alexandre Carrier.
9:04 of 1st period - Wrist shot by Nico Hischier.
9:04 of 1st period - Shot Misses the Net.
9:06 of 1st period - Slapshot by John Carlson.
9:06 of 1st period - Shot Blocked by Nikita Zadorov.
9:08 of 1st period - Slapshot by Simon Edvinsson.
9:08 of 1st period - Deflect By Nico Hischier.
9:08 of 1st period - Shot Misses the Net.
9:08 of 1st period - Puck is out of play.
9:09 of 1st period - Connor Brown wins face-off versus Nico Hischier in Quebec Nordiques zone.
9:18 of 1st period - Wrist shot by Shane Pinto.
9:18 of 1st period - Stopped by Jake Oettinger without a rebound.
9:19 of 1st period - Shane Pinto wins face-off versus Sidney Crosby in Washington Capitals zone.
9:20 of 1st period - Wrist shot by Frederick Gaudreau.
9:20 of 1st period - Shot Misses the Net.
9:28 of 1st period - Wrist shot by Jason Robertson.
9:28 of 1st period - Goal by Jason Robertson - Washington Capitals : 1 - Quebec Nordiques : 0.
9:29 of 1st period - Sidney Crosby wins face-off versus Marco Rossi in neutral zone.
9:59 of 1st period - Wrist shot by Nikolaj Ehlers.
9:59 of 1st period - Shot Misses the Net.
10:09 of 1st period - Snap shot by Jason Robertson.
10:09 of 1st period - Stopped by Joseph Woll without a rebound.
10:10 of 1st period - Nico Hischier wins face-off versus Connor McDavid in Quebec Nordiques zone.
10:13 of 1st period - Slapshot by Nico Hischier.
10:13 of 1st period - Shot Misses the Net.
10:15 of 1st period - Slapshot by Nick Jensen.
10:15 of 1st period - Deflect By Nico Hischier.
10:15 of 1st period - Stopped by Joseph Woll without a rebound.
10:16 of 1st period - Connor McDavid wins face-off versus Nico Hischier in Quebec Nordiques zone.
10:16 of 1st period - Connor McDavid is hit by Nick Jensen.
10:28 of 1st period - Snap shot by Drake Batherson.
10:28 of 1st period - Stopped by Joseph Woll without a rebound.
10:29 of 1st period - Marco Rossi wins face-off versus Nico Hischier in Quebec Nordiques zone.
11:01 of 1st period - Snap shot by Alex DeBrincat.
11:01 of 1st period - Deflect By Connor McDavid.
11:01 of 1st period - Shot Misses the Net.
11:01 of 1st period - Puck is out of play.
11:02 of 1st period - Shane Pinto wins face-off versus Sidney Crosby in Washington Capitals zone.
11:05 of 1st period - Snap shot by Shane Pinto.
11:05 of 1st period - Shot Misses the Net.
11:11 of 1st period - Slapshot by Nikolaj Ehlers.
11:11 of 1st period - Shot Misses the Net.
11:13 of 1st period - Snap shot by Shane Pinto.
11:13 of 1st period - Shot Misses the Net.
11:15 of 1st period - Snap shot by Brock Faber.
11:15 of 1st period - Stopped by Jake Oettinger without a rebound.
11:16 of 1st period - Rickard Rakell wins face-off versus Nick Foligno in Washington Capitals zone.
11:41 of 1st period - Nikita Zadorov is hit by Nico Hischier and loses puck.
12:04 of 1st period - Wrist shot by Nikolaj Ehlers.
12:04 of 1st period - Shot Misses the Net.
12:12 of 1st period - Wrist shot by Sidney Crosby.
12:12 of 1st period - Shot Misses the Net.
12:34 of 1st period - Slapshot by Frederick Gaudreau.
12:34 of 1st period - Shot Misses the Net.
13:10 of 1st period - Alexandre Carrier is hit by Drake Batherson and loses puck.
13:56 of 1st period - Wrist shot by Fabian Zetterlund.
13:56 of 1st period - Shot Blocked by Connor Brown.
14:06 of 1st period - Thomas Harley is hit by Rickard Rakell and loses puck.
14:13 of 1st period - Snap shot by Connor McDavid.
14:13 of 1st period - Shot Misses the Net.
14:15 of 1st period - Wrist shot by Alex Vlasic.
14:15 of 1st period - Deflect By Alex DeBrincat.
14:15 of 1st period - Shot Misses the Net.
14:15 of 1st period - Puck is out of play.
14:16 of 1st period - Marco Rossi wins face-off versus Nico Hischier in Washington Capitals zone.
14:43 of 1st period - Simon Edvinsson is hit by Michael Anderson and loses puck.
15:28 of 1st period - Snap shot by Fabian Zetterlund.
15:28 of 1st period - Deflect By Nikita Zadorov.
15:28 of 1st period - Shot Misses the Net.
15:28 of 1st period - Puck is out of play.
15:29 of 1st period - Michael McCarron wins face-off versus Nick Foligno in Quebec Nordiques zone.
15:38 of 1st period - Snap shot by Frederick Gaudreau.
15:38 of 1st period - Shot Misses the Net.
15:44 of 1st period - Michael McCarron is hit by Owen Tippett and loses puck.
16:05 of 1st period - Wrist shot by Drake Batherson.
16:05 of 1st period - Stopped by Joseph Woll with a rebound.
16:11 of 1st period - Minor Penalty to Nikita Zadorov for Holding.
16:12 of 1st period - Nico Hischier wins face-off versus Michael McCarron in Quebec Nordiques zone.
16:39 of 1st period - John Carlson is hit by Shane Pinto and loses puck.
18:11 of 1st period - Penalty to Nikita Zadorov is over, Nikita Zadorov is back on ice.
18:14 of 1st period - Slapshot by Connor Brown.
18:14 of 1st period - Shot Misses the Net.
18:20 of 1st period - Wrist shot by Owen Tippett.
18:20 of 1st period - Goal by Owen Tippett - Washington Capitals : 2 - Quebec Nordiques : 0.
18:21 of 1st period - Nick Foligno wins face-off versus Connor McDavid in neutral zone.
18:33 of 1st period - Snap shot by Alex DeBrincat.
18:33 of 1st period - Shot Misses the Net.
18:46 of 1st period - Brock Faber is hit by Nick Foligno and loses puck.
19:05 of 1st period - Wrist shot by Stefan Noesen.
19:05 of 1st period - Shot Blocked by Rickard Rakell.
19:17 of 1st period - Slapshot by Connor McDavid.
19:17 of 1st period - Stopped by Jake Oettinger without a rebound.
19:18 of 1st period - Shane Pinto wins face-off versus Sidney Crosby in Washington Capitals zone.
19:33 of 1st period - Snap shot by Shane Pinto.
19:33 of 1st period - Shot Misses the Net.
19:53 of 1st period - Wrist shot by Matthew Knies.
19:53 of 1st period - Shot Misses the Net.
Goals for this period are 2 for Washington Capitals vs 0 for Quebec Nordiques.
Shots for this period are 11 for Washington Capitals vs 8 for Quebec Nordiques.
2nd period
0:01 of 2nd period - Sidney Crosby wins face-off versus Marco Rossi in neutral zone.
0:14 of 2nd period - Snap shot by Jason Robertson.
0:14 of 2nd period - Stopped by Joseph Woll with a rebound.
0:16 of 2nd period - Snap shot by Sidney Crosby.
0:16 of 2nd period - Stopped by Joseph Woll with a rebound.
0:28 of 2nd period - Slapshot by Owen Tippett.
0:28 of 2nd period - Goal by Owen Tippett - Washington Capitals : 3 - Quebec Nordiques : 0.
0:29 of 2nd period - Nico Hischier wins face-off versus Shane Pinto in neutral zone.
0:50 of 2nd period - Minor Penalty to Jamie Oleksiak for Hooking.
0:51 of 2nd period - Connor McDavid wins face-off versus Sean Kuraly in Washington Capitals zone.
1:06 of 2nd period - Wrist shot by Alex DeBrincat.
1:06 of 2nd period - Shot Misses the Net.
1:08 of 2nd period - Slapshot by Brock Faber.
1:08 of 2nd period - Stopped by Jake Oettinger without a rebound.
1:09 of 2nd period - Nick Foligno wins face-off versus Marco Rossi in Washington Capitals zone.
1:44 of 2nd period - Snap shot by Rickard Rakell.
1:44 of 2nd period - Stopped by Jake Oettinger with a rebound.
1:46 of 2nd period - Snap shot by Rickard Rakell.
1:46 of 2nd period - Shot Misses the Net.
2:12 of 2nd period - Connor McDavid is hit by Fabian Zetterlund.
2:50 of 2nd period - Penalty to Jamie Oleksiak is over, Jamie Oleksiak is back on ice.
2:56 of 2nd period - Snap shot by Alex Ovechkin.
2:56 of 2nd period - Deflect By Michael Anderson.
2:56 of 2nd period - Shot Misses the Net.
2:56 of 2nd period - Puck is out of play.
2:57 of 2nd period - Shane Pinto wins face-off versus Jason Robertson in Quebec Nordiques zone.
3:02 of 2nd period - Snap shot by Alex Ovechkin.
3:02 of 2nd period - Shot Misses the Net.
3:13 of 2nd period - Snap shot by Shane Pinto.
3:13 of 2nd period - Stopped by Jake Oettinger without a rebound.
3:14 of 2nd period - Nico Hischier wins face-off versus Connor McDavid in Washington Capitals zone.
3:25 of 2nd period - Snap shot by Drake Batherson.
3:25 of 2nd period - Shot Misses the Net.
3:49 of 2nd period - Snap shot by Will Smith.
3:49 of 2nd period - Deflect By Nikolaj Ehlers.
3:49 of 2nd period - Shot Blocked by Drake Batherson.
3:49 of 2nd period - Puck is out of play.
3:50 of 2nd period - Sidney Crosby wins face-off versus Marco Rossi in Washington Capitals zone.
4:25 of 2nd period - Backhand shot by Owen Tippett.
4:25 of 2nd period - Stopped by Joseph Woll without a rebound.
4:26 of 2nd period - Connor McDavid wins face-off versus Nico Hischier in Quebec Nordiques zone.
4:33 of 2nd period - Jordan Kyrou is hit by Jake Middleton and loses puck.
4:40 of 2nd period - Wrist shot by Jordan Kyrou.
4:40 of 2nd period - Stopped by Joseph Woll without a rebound.
4:41 of 2nd period - Sidney Crosby wins face-off versus Marco Rossi in Quebec Nordiques zone.
4:44 of 2nd period - Wrist shot by Jason Robertson.
4:44 of 2nd period - Shot Misses the Net.
4:56 of 2nd period - Wrist shot by Matthew Knies.
4:56 of 2nd period - Stopped by Jake Oettinger without a rebound.
4:57 of 2nd period - Nico Hischier wins face-off versus Shane Pinto in Washington Capitals zone.
5:01 of 2nd period - Off-side.
5:02 of 2nd period - Shane Pinto wins face-off versus Nico Hischier in neutral zone.
5:15 of 2nd period - Snap shot by Will Smith.
5:15 of 2nd period - Deflect By Nikolaj Ehlers.
5:15 of 2nd period - Shot Misses the Net.
5:15 of 2nd period - Puck is out of play.
5:16 of 2nd period - Matthew Knies wins face-off versus Sidney Crosby in Washington Capitals zone.
5:21 of 2nd period - Wrist shot by Matthew Knies.
5:21 of 2nd period - Stopped by Jake Oettinger with a rebound.
5:23 of 2nd period - Slapshot by Michael Anderson.
5:23 of 2nd period - Deflect By Marco Rossi.
5:23 of 2nd period - Shot Misses the Net.
5:23 of 2nd period - Puck is out of play.
5:24 of 2nd period - Sidney Crosby wins face-off versus Marco Rossi in Washington Capitals zone.
6:00 of 2nd period - Slapshot by Sidney Crosby.
6:00 of 2nd period - Stopped by Joseph Woll with a rebound.
6:24 of 2nd period - Matthew Knies is hit by Nick Jensen and loses puck.
7:00 of 2nd period - Slapshot by Matt Duchene.
7:00 of 2nd period - Shot Misses the Net.
7:02 of 2nd period - Wrist shot by Matt Duchene.
7:02 of 2nd period - Stopped by Jake Oettinger with a rebound.
7:04 of 2nd period - Snap shot by Matt Duchene.
7:04 of 2nd period - Shot Blocked by Simon Edvinsson.
7:06 of 2nd period - Wrist shot by Marco Rossi.
7:06 of 2nd period - Shot Blocked by Simon Edvinsson.
7:44 of 2nd period - Icing by Brock Faber.
7:45 of 2nd period - Nico Hischier wins face-off versus Marco Rossi in Quebec Nordiques zone.
7:46 of 2nd period - Slapshot by Jordan Kyrou.
7:46 of 2nd period - Stopped by Joseph Woll without a rebound.
7:47 of 2nd period - Connor McDavid wins face-off versus Nico Hischier in Quebec Nordiques zone.
8:02 of 2nd period - Snap shot by Rickard Rakell.
8:02 of 2nd period - Stopped by Jake Oettinger with a rebound.
8:04 of 2nd period - Slapshot by Jake Middleton.
8:04 of 2nd period - Stopped by Jake Oettinger with a rebound.
8:25 of 2nd period - Off-side.
8:26 of 2nd period - Connor McDavid wins face-off versus Sean Kuraly in neutral zone.
8:39 of 2nd period - Snap shot by Connor McDavid.
8:39 of 2nd period - Stopped by Jake Oettinger with a rebound.
9:06 of 2nd period - Snap shot by Owen Tippett.
9:06 of 2nd period - Stopped by Joseph Woll with a rebound.
9:18 of 2nd period - Ian Cole is hit by Connor McDavid.
9:28 of 2nd period - Snap shot by Nico Hischier.
9:28 of 2nd period - Stopped by Joseph Woll with a rebound.
9:35 of 2nd period - Icing by Alex Vlasic.
9:36 of 2nd period - Michael McCarron wins face-off versus Fabian Zetterlund in Quebec Nordiques zone.
9:36 of 2nd period - Michael McCarron is hit by Thomas Harley.
9:53 of 2nd period - Evan Rodrigues is hit by Nikolaj Ehlers and loses puck.
10:11 of 2nd period - Wrist shot by Will Smith.
10:11 of 2nd period - Shot Blocked by Thomas Harley.
10:14 of 2nd period - Icing by Thomas Harley.
10:15 of 2nd period - Connor McDavid wins face-off versus Sean Kuraly in Washington Capitals zone.
10:16 of 2nd period - Snap shot by Alex DeBrincat.
10:16 of 2nd period - Shot Misses the Net.
10:33 of 2nd period - Wrist shot by Sean Kuraly.
10:33 of 2nd period - Shot Blocked by Rickard Rakell.
10:35 of 2nd period - Slapshot by Sean Kuraly.
10:35 of 2nd period - Stopped by Joseph Woll with a rebound.
10:37 of 2nd period - Wrist shot by Fabian Zetterlund.
10:37 of 2nd period - Goal by Fabian Zetterlund - Washington Capitals : 4 - Quebec Nordiques : 0.
10:38 of 2nd period - Connor McDavid wins face-off versus Nico Hischier in neutral zone.
10:53 of 2nd period - Wrist shot by Drake Batherson.
10:53 of 2nd period - Shot Misses the Net.
11:09 of 2nd period - John Carlson is hit by Jake Middleton and loses puck.
11:18 of 2nd period - Slapshot by Owen Tippett.
11:18 of 2nd period - Shot Misses the Net.
11:48 of 2nd period - Wrist shot by Matthew Knies.
11:48 of 2nd period - Stopped by Jake Oettinger with a rebound.
12:33 of 2nd period - Wrist shot by Rickard Rakell.
12:33 of 2nd period - Stopped by Jake Oettinger without a rebound.
12:34 of 2nd period - Nick Foligno wins face-off versus Connor McDavid in Washington Capitals zone.
12:34 of 2nd period - Nick Foligno is hit by Alex DeBrincat.
12:42 of 2nd period - Alex DeBrincat is hit by Jamie Oleksiak and loses puck.
12:53 of 2nd period - Slapshot by Alex Vlasic.
12:53 of 2nd period - Shot Misses the Net.
13:26 of 2nd period - Slapshot by Alex Vlasic.
13:26 of 2nd period - Shot Misses the Net.
13:34 of 2nd period - Minor Penalty to Ian Cole for Tripping.
13:35 of 2nd period - Nick Foligno wins face-off versus Marco Rossi in Washington Capitals zone.
13:52 of 2nd period - Stefan Noesen is hit by Brock Faber.
14:29 of 2nd period - Fabian Zetterlund is hit by Matt Duchene and loses puck.
15:34 of 2nd period - Penalty to Ian Cole is over, Ian Cole is back on ice.
15:46 of 2nd period - Snap shot by Nico Hischier.
15:46 of 2nd period - Shot Blocked by Nikolaj Ehlers.
16:02 of 2nd period - Ian Cole is hit by Michael McCarron and loses puck.
16:49 of 2nd period - Brock Faber is hit by Jamie Oleksiak and loses puck.
17:10 of 2nd period - Alex DeBrincat is hit by Drake Batherson and loses puck.
17:28 of 2nd period - Matt Duchene is hit by Stefan Noesen and loses puck.
17:48 of 2nd period - Wrist shot by Michael McCarron.
17:48 of 2nd period - Shot Misses the Net.
17:50 of 2nd period - Snap shot by Nikita Zadorov.
17:50 of 2nd period - Shot Blocked by Jason Robertson.
17:52 of 2nd period - Wrist shot by Connor Brown.
17:52 of 2nd period - Shot Misses the Net.
17:58 of 2nd period - Minor Penalty to Ian Cole for Cross-checking.
17:59 of 2nd period - Alex DeBrincat wins face-off versus Sean Kuraly in Washington Capitals zone.
18:10 of 2nd period - Snap shot by Alex DeBrincat.
18:10 of 2nd period - Deflect By Sean Kuraly.
18:10 of 2nd period - Goal by Alex DeBrincat - Washington Capitals : 4 - Quebec Nordiques : 1.
18:11 of 2nd period - Nick Foligno wins face-off versus Connor McDavid in neutral zone.
18:37 of 2nd period - Nikita Zadorov is hit by Nico Hischier and loses puck.
19:28 of 2nd period - Slapshot by Alex Ovechkin.
19:28 of 2nd period - Stopped by Joseph Woll without a rebound.
19:29 of 2nd period - Sidney Crosby wins face-off versus Connor McDavid in Quebec Nordiques zone.
Goals for this period are 2 for Washington Capitals vs 1 for Quebec Nordiques.
Shots for this period are 12 for Washington Capitals vs 12 for Quebec Nordiques.
3rd period
0:01 of 3rd period - Marco Rossi wins face-off versus Nick Foligno in neutral zone.
0:26 of 3rd period - John Carlson is hit by Connor McDavid and loses puck.
0:35 of 3rd period - Snap shot by Nico Hischier.
0:35 of 3rd period - Goal by Nico Hischier - Washington Capitals : 5 - Quebec Nordiques : 1.
0:36 of 3rd period - Nico Hischier wins face-off versus Matt Duchene in neutral zone.
1:27 of 3rd period - Minor Penalty to Stefan Noesen for Holding.
1:28 of 3rd period - Connor McDavid wins face-off versus Nick Foligno in Washington Capitals zone.
1:35 of 3rd period - Simon Edvinsson is hit by Rickard Rakell and loses puck.
3:27 of 3rd period - Penalty to Stefan Noesen is over, Stefan Noesen is back on ice.
3:49 of 3rd period - Owen Tippett is hit by Alex Vlasic and loses puck.
4:19 of 3rd period - Snap shot by Fabian Zetterlund.
4:19 of 3rd period - Stopped by Joseph Woll with a rebound.
4:31 of 3rd period - Snap shot by Sean Kuraly.
4:31 of 3rd period - Shot Misses the Net.
5:11 of 3rd period - Sean Kuraly is hit by Nikita Zadorov and loses puck.
5:22 of 3rd period - Wrist shot by Will Smith.
5:22 of 3rd period - Stopped by Jake Oettinger with a rebound.
6:21 of 3rd period - Simon Edvinsson is hit by Alexandre Carrier and loses puck.
6:33 of 3rd period - Icing by Nico Hischier.
6:34 of 3rd period - Sean Kuraly wins face-off versus Connor McDavid in Washington Capitals zone.
6:43 of 3rd period - Off-side.
6:44 of 3rd period - Nico Hischier wins face-off versus Connor McDavid in neutral zone.
6:51 of 3rd period - Slapshot by Connor McDavid.
6:51 of 3rd period - Stopped by Jake Oettinger with a rebound.
6:53 of 3rd period - Slapshot by Alexandre Carrier.
6:53 of 3rd period - Stopped by Jake Oettinger with a rebound.
6:55 of 3rd period - Slapshot by Connor McDavid.
6:55 of 3rd period - Stopped by Jake Oettinger without a rebound.
6:56 of 3rd period - Connor McDavid wins face-off versus Jordan Kyrou in Washington Capitals zone.
7:02 of 3rd period - Nikita Zadorov beats up Jamie Oleksiak.
7:02 of 3rd period - Penalty to Nikita Zadorov for Fighting.
7:02 of 3rd period - Penalty to Jamie Oleksiak for Fighting.
7:03 of 3rd period - Nico Hischier wins face-off versus Connor McDavid in Quebec Nordiques zone.
8:04 of 3rd period - Snap shot by Frederick Gaudreau.
8:04 of 3rd period - Shot Blocked by John Carlson.
8:06 of 3rd period - Slapshot by Brock Faber.
8:06 of 3rd period - Stopped by Jake Oettinger with a rebound.
8:08 of 3rd period - Snap shot by Frederick Gaudreau.
8:08 of 3rd period - Shot Blocked by John Carlson.
8:10 of 3rd period - Slapshot by Frederick Gaudreau.
8:10 of 3rd period - Shot Blocked by John Carlson.
9:02 of 3rd period - Wrist shot by Will Smith.
9:02 of 3rd period - Stopped by Jake Oettinger with a rebound.
9:07 of 3rd period - Off-side.
9:08 of 3rd period - Nico Hischier wins face-off versus Connor McDavid in neutral zone.
9:35 of 3rd period - Alex Vlasic is hit by Ian Cole and loses puck.
10:04 of 3rd period - Wrist shot by Evan Rodrigues.
10:04 of 3rd period - Stopped by Joseph Woll without a rebound.
10:05 of 3rd period - Nico Hischier wins face-off versus Connor McDavid in Quebec Nordiques zone.
10:31 of 3rd period - Drake Batherson is hit by Alex Vlasic and loses puck.
10:36 of 3rd period - Wrist shot by Connor McDavid.
10:36 of 3rd period - Stopped by Jake Oettinger with a rebound.
10:50 of 3rd period - Snap shot by Drake Batherson.
10:50 of 3rd period - Shot Blocked by Jake Middleton.
10:52 of 3rd period - Slapshot by Simon Edvinsson.
10:52 of 3rd period - Deflect By Nico Hischier.
10:52 of 3rd period - Shot Blocked by Alexandre Carrier.
10:52 of 3rd period - Puck is out of play.
10:53 of 3rd period - Nick Foligno wins face-off versus Marco Rossi in Quebec Nordiques zone.
11:00 of 3rd period - Snap shot by Owen Tippett.
11:00 of 3rd period - Shot Blocked by Michael Anderson.
11:19 of 3rd period - Thomas Harley is hit by Nikolaj Ehlers and loses puck.
12:40 of 3rd period - Snap shot by Evan Rodrigues.
12:40 of 3rd period - Stopped by Joseph Woll without a rebound.
12:41 of 3rd period - Marco Rossi wins face-off versus Sean Kuraly in Quebec Nordiques zone.
12:41 of 3rd period - Marco Rossi is hit by Evan Rodrigues.
12:55 of 3rd period - Wrist shot by Marco Rossi.
12:55 of 3rd period - Shot Misses the Net.
12:57 of 3rd period - Wrist shot by Michael Anderson.
12:57 of 3rd period - Stopped by Jake Oettinger with a rebound.
13:07 of 3rd period - Evan Rodrigues is hit by Connor Brown.
13:15 of 3rd period - Snap shot by Connor Brown.
13:15 of 3rd period - Stopped by Jake Oettinger without a rebound.
13:16 of 3rd period - Shane Pinto wins face-off versus Nick Foligno in Washington Capitals zone.
13:25 of 3rd period - Snap shot by Owen Tippett.
13:25 of 3rd period - Stopped by Joseph Woll with a rebound.
13:27 of 3rd period - Slapshot by Stefan Noesen.
13:27 of 3rd period - Shot Hit the Post.
13:29 of 3rd period - Snap shot by Owen Tippett.
13:29 of 3rd period - Goal by Owen Tippett - Washington Capitals : 6 - Quebec Nordiques : 1.
13:30 of 3rd period - Nico Hischier wins face-off versus Matthew Knies in neutral zone.
13:36 of 3rd period - Thomas Harley is hit by Alex Vlasic.
13:46 of 3rd period - Snap shot by Marco Rossi.
13:46 of 3rd period - Shot Misses the Net.
13:58 of 3rd period - Alex Vlasic is hit by Thomas Harley and loses puck.
14:19 of 3rd period - Snap shot by Will Smith.
14:19 of 3rd period - Shot Blocked by Thomas Harley.
14:45 of 3rd period - Snap shot by Matthew Knies.
14:45 of 3rd period - Stopped by Jake Oettinger with a rebound.
15:03 of 3rd period - Snap shot by Drake Batherson.
15:03 of 3rd period - Stopped by Joseph Woll without a rebound.
15:04 of 3rd period - Nico Hischier wins face-off versus Rickard Rakell in Quebec Nordiques zone.
15:12 of 3rd period - Alex Vlasic and Simon Edvinsson fight to a draw.
15:12 of 3rd period - Penalty to Alex Vlasic for Fighting.
15:12 of 3rd period - Penalty to Simon Edvinsson for Fighting.
15:13 of 3rd period - Marco Rossi wins face-off versus Sidney Crosby in Washington Capitals zone.
15:40 of 3rd period - Nikolaj Ehlers is hit by Nick Foligno and loses puck.
15:47 of 3rd period - Slapshot by Owen Tippett.
15:47 of 3rd period - Stopped by Joseph Woll with a rebound.
15:49 of 3rd period - Slapshot by Owen Tippett.
15:49 of 3rd period - Shot Misses the Net.
16:17 of 3rd period - Minor Penalty to Jordan Kyrou for Hooking.
16:18 of 3rd period - Sean Kuraly wins face-off versus Connor McDavid in Washington Capitals zone.
18:08 of 3rd period - Icing by Connor McDavid.
18:09 of 3rd period - Nick Foligno wins face-off versus Connor McDavid in Quebec Nordiques zone.
18:17 of 3rd period - Penalty to Jordan Kyrou is over, Jordan Kyrou is back on ice.
18:28 of 3rd period - Slapshot by Thomas Harley.
18:28 of 3rd period - Shot Hit the Post.
18:30 of 3rd period - Slapshot by Thomas Harley.
18:30 of 3rd period - Stopped by Joseph Woll with a rebound.
18:32 of 3rd period - Slapshot by Nick Jensen.
18:32 of 3rd period - Stopped by Joseph Woll without a rebound.
18:33 of 3rd period - Nico Hischier wins face-off versus Michael McCarron in Quebec Nordiques zone.
19:00 of 3rd period - Nick Jensen is hit by Nikita Zadorov and loses puck.
19:19 of 3rd period - Minor Penalty to Nick Foligno for Hooking.
19:20 of 3rd period - Sean Kuraly wins face-off versus Connor McDavid in Washington Capitals zone.
19:31 of 3rd period - Snap shot by Sean Kuraly.
19:31 of 3rd period - Stopped by Joseph Woll with a rebound.
Goals for this period are 2 for Washington Capitals vs 0 for Quebec Nordiques.
Shots for this period are 11 for Washington Capitals vs 10 for Quebec Nordiques.
Back to the Top